 Dungeon Crawl Stone Soup version 0.31.0-32-g396128a36d (webtiles) character file.

Game seed: 8281253107373867712

2776 nel the Grappler (level 9, -3/64 HPs)
             Began as a Purple Draconian Shapeshifter on Apr 9, 2024.
             Was a Follower of Uskayaw.
             Slain by a water moccasin (6 damage)
             ... on level 7 of the Dungeon.
             The game lasted 00:26:15 (5912 turns).

nel the Grappler (Purple Draconian Shapeshifter)    Turns: 5912, Time: 00:26:16

Health: -3/64      AC:  7    Str: 21    XL:     9   Next: 42%
Magic:  9/9        EV: 14    Int: 10    God:    Uskayaw [*.....]
Gold:   429        SH:  0    Dex: 11    Spells: 8/8 levels left

rFire   . .          .
                       - Unarmed
rCold   . . .        (no shield)
rNeg    . . .        (body armour unavailable)
rPois   +            (helmet currently unavailable)
rElec   .            (cloak currently unavailable)
rCorr   .            (gloves currently unavailable)
SInv    .            (boots currently unavailable)
Will    +....        (no amulet)
Stlth   +            h - ring of poison resistance
HPRegen 0.30/turn    (no ring)
MPRegen 0.11/turn

%: no passive effects
@: lethally poisoned (-3 -> -6), beast-form
A: beast (slay +3), breathe power, AC +7, unfitting armour, cold-blooded
a: Breathe Dispelling Energy, Begin Untransformation, Renounce Religion, Stomp


You were on level 7 of the Dungeon.
You worshipped Uskayaw.
Uskayaw was noncommittal.
You were a hulking beast.
You visited 2 branches of the dungeon, and saw 8 of its levels.

You collected 429 gold pieces.

Inventory:

Missiles
 p - 4 boomerangs
 t - a throwing net
 x - 7 poisoned darts (quivered)
 D - 6 darts of dispersal
Jewellery
 h - a ring of poison resistance (left hand)
Talismans
 b - a beast talisman (active)
 c - a flux talisman
 s - a serpent talisman
Wands
 A - a wand of iceblast (10)
 B - a wand of quicksilver (5)
Scrolls
 d - 5 scrolls of teleportation {unknown}
 e - a scroll of immolation {unknown}
 f - a scroll of enchant armour {unknown}
 g - a scroll of torment {unknown}
 i - 7 scrolls of identify {unknown}
 m - 4 scrolls of noise {unknown}
 q - 2 scrolls of poison {unknown}
 u - a scroll of summoning {unknown}
 v - a scroll of silence {unknown}
 y - a scroll of revelation {unknown}
Potions
 a - 2 potions of lignification
 j - a potion of attraction {unknown}
 k - 2 potions of degeneration {unknown}
 l - a potion of might {unknown}
 n - a potion of haste {unknown}
 o - a potion of enlightenment {unknown}
 r - a potion of invisibility {unknown}
 w - a potion of berserk rage {unknown}
 z - 2 potions of curing
 C - a potion of ambrosia {unknown}


   Skills:
 - Level 1.1 Fighting
 + Level 6.4 Dodging
 * Level 10.1 Unarmed Combat
 + Level 5.8 Shapeshifting


You had 8 spell levels left.
You didn't know any spells.
Your spell library contained the following spells:

 Spells                   Type           Power      Damage    Failure   Level
 Sandblast                Erth           0%         2d4       36%         1
 Static Discharge         Conj/Air       0%         3-3/arc   50%         2
 Passwall                 Erth           0%         N/A       75%         3
 Stone Arrow              Conj/Erth      0%         3d7       75%         3
 Airstrike                Air            0%         2d(0-16)  98%         4
 Brom's Barrelling Bould  Conj/Erth      0%         2d3       98%         4
 Summon Lightning Spire   Summ/Air       0%         N/A       98%         4


Dungeon Overview and Level Annotations

Branches:
Dungeon (7/15)             Temple (1/1) D:7

Altars:
Ashenzari
Cheibriados
Dithmenos
Elyvilon
Fedhas
Gozag
Hepliaklqana
Kikubaaqudgha
Makhleb
Nemelex Xobeh
Qazlal
Ru
Uskayaw
Vehumet
Wu Jian
Xom
Yredelemnul
Zin
The Shining One


Innate Abilities, Weirdness & Mutations

You are a hulking beast.
Your limbs bulge with bestial killing power. (Slay +3)
You can breathe bolts of dispelling energy.
Your rich purple scales are hard. (AC +7)
You cannot fit into any form of body armour.
You are cold-blooded and may be slowed by cold attacks.


Message History

You miss the water moccasin.
Your tail-slap misses the water moccasin.
The water moccasin is moderately wounded.
The water moccasin closely misses you.
You miss the water moccasin.
You tail-slap the water moccasin, but do no damage.
The water moccasin is moderately wounded.
The water moccasin bites you.
* * * LOW HITPOINT WARNING * * *
You are poisoned.
The water moccasin poisons you!
Okay, then.
You barely miss the water moccasin.
The water moccasin is moderately wounded.
You feel very sick. The water moccasin barely misses you.
You hit the water moccasin.
The water moccasin is moderately wounded.
You feel sick.
The water moccasin bites you but does no damage.
The water moccasin bites you.
* * * LOW HITPOINT WARNING * * *
You closely miss the water moccasin.
The water moccasin is moderately wounded.
* * * LOW HITPOINT WARNING * * *
You feel sick. The water moccasin closely misses you.
You miss the water moccasin.
The water moccasin is moderately wounded.
* * * LOW HITPOINT WARNING * * *
You feel sick. The water moccasin barely misses you.
You barely miss the water moccasin. You tail-slap the water moccasin.
The water moccasin is heavily wounded.
* * * LOW HITPOINT WARNING * * *
You feel sick. The water moccasin closely misses you.
You hit the water moccasin.
You tail-slap the water moccasin, but do no damage.
The water moccasin is severely wounded.
* * * LOW HITPOINT WARNING * * *
You feel sick. The water moccasin bites you.
You die...

...#.###### ...
..#............
####......##.#.###
.................
..........##.#.#####
.......).......#...
.......)..........
#'.....)♣.....##.#
....##..♣._Sh###.######. ...
#..♣....)†......... ..
#..♣♣♣♣.###.###### #
#.......###.######## . .
#..................< ....
######..###.####.###
.?###...#######....#.......#
~................#.#.......#
≈.# #.. ..........#÷......##


You could see a water moccasin.

Vanquished Creatures
  Pikel (D:5)
  A wyvern (D:7)
  Menkaure (D:4)
  A black bear (D:7)
  2 orc warriors
  3 ogres
  3 lemures (D:5)
  A centaur (D:7)
  A phantom (D:6)
  3 bullfrogs
  4 scorpions
  4 killer bees (D:7)
  2 bombardier beetles
  A quasit (D:6)
  A jelly (D:7)
  An orc priest (D:7)
  2 hounds (D:5)
  7 iguanas
  A sleepcap (D:6)
  Ijyb (D:3)
  5 orc wizards
  Robin (D:4)
  8 adders
  2 white imps
  4 dart slugs
  2 ribbon worms
  22 orcs
  6 endoplasms
  2 giant cockroaches
  13 goblins
  7 hobgoblins
  5 jackals (D:1)
  7 quokkas
  7 ball pythons
  2 bats
  10 frilled lizards
  3 goblin skeletons (D:6)
  A hobgoblin zombie (D:6)
  8 kobolds
  A kobold zombie (D:6)
  An orc skeleton (D:6)
  2 orc zombies (D:6)
  6 rats (D:1)
166 creatures vanquished.

Vanquished Creatures (others)
  A hound (D:7)
  2 orc wizards (D:7)
3 creatures vanquished.

Grand Total: 169 creatures vanquished

Notes
Turn   | Place    | Note
-------+----------+-------------------------------------------
     0 | D:1      | nel the Draconian Shapeshifter began the quest for the Orb.
     0 | D:1      | Reached XP level 1. HP: 16/16 MP: 1/1
    48 | D:1      | Reached XP level 2. HP: 11/23 MP: 2/2
   447 | D:1      | Reached XP level 3. HP: 28/28 MP: 3/3
   493 | D:1      | Reached skill level 4 in Unarmed Combat
  1102 | D:2      | Reached XP level 4. HP: 22/35 MP: 4/4
  1291 | D:2      | Found a faded altar of an unknown god.
  1792 | D:3      | Reached skill level 5 in Unarmed Combat
  1792 | D:3      | Reached XP level 5. HP: 40/40 MP: 5/5
  1804 | D:3      | Noticed Ijyb
  2112 | D:3      | Found an ornate altar of the Wu Jian Council.
  2267 | D:4      | Noticed an ogre
  2353 | D:3      | Reached XP level 6. HP: 28/47 MP: 6/6
  2480 | D:3      | Reached skill level 6 in Unarmed Combat
  2653 | D:4      | Noticed Robin
  2669 | D:4      | Killed Robin
  2750 | D:4      | You fall into a shaft and drop 1 floor!
  2750 | D:5      | Entered Level 5 of the Dungeon
  2795 | D:5      | Found a hazy altar of Hepliaklqana.
  2821 | D:5      | Your scales start taking on a rich purple colour.
  2821 | D:5      | Reached XP level 7. HP: 52/52 MP: 7/7
  3115 | D:5      | Noticed Pikel
  3226 | D:5      | Reached skill level 7 in Unarmed Combat
  3232 | D:5      | Killed Pikel
  3233 | D:5      | Reached skill level 5 in Dodging
  3233 | D:5      | Reached XP level 8. HP: 55/59 MP: 8/8
  3402 | D:5      | Reached skill level 8 in Unarmed Combat
  3823 | D:4      | Noticed Menkaure
  3835 | D:4      | Killed Menkaure
  4343 | D:6      | Found a snail-covered altar of Cheibriados.
  4461 | D:3      | Killed Ijyb
  4671 | D:6      | Found a glowing golden altar of the Shining One.
  4706 | D:6      | Identified the +7 falchion of Blind Justice {flame, rN+
                  | rCorr SInv}
  4781 | D:6      | Reached skill level 9 in Unarmed Combat
  4781 | D:6      | Reached skill level 5 in Shapeshifting
  5258 | D:7      | Found a shimmering altar of Xom.
  5276 | D:6      | Reached XP level 9. HP: 59/64 MP: 9/9
  5426 | D:7      | Found a staircase to the Ecumenical Temple.
  5678 | Temple   | Entered the Ecumenical Temple
  5753 | Temple   | Became a worshipper of Uskayaw the Reveller
  5789 | D:7      | Found a burning altar of Makhleb.
  5800 | D:7      | Reached * piety under Uskayaw
  5802 | D:7      | Reached skill level 10 in Unarmed Combat
  5802 | D:7      | Reached ** piety under Uskayaw
  5804 | D:7      | Reached *** piety under Uskayaw
  5911 | D:7      | HP: 3/64 [poisoned by a water moccasin]
  5912 | D:7      | Slain by a water moccasin

Illustrated notes

Levels and vault maps discovered:
D:1:      lightli_arrival_statuegarden, layout_loops_ring
D:2:      layout_basic, hellmonk_ecumenical_altar_crossroads
D:3:      layout_rooms, lemuel_coloured_pillars_altar, uniq_ijyb
D:4:      layout_rooms, kennysheep_generic_room_5, uniq_robin, uniq_menkaure
D:5:      layout_basic, kennysheep_mini, uniq_pikel
D:6:      layout_gridville, nicolae_tso_besieged_by_evil,
          mainiacjoe_overflow_brackets
D:7:      layout_basic, trog_wizard, led_sif_book, mainiacjoe_overflow_chevrons,
          xom_confusion_cloud, temple_statues, chequers_serial_rivers_marsh,
          uniq_crazy_yiuf_cottage
Temple:   nicolae_temple_god_jail

Skill      XL: |  1  2  3  4  5  6  7  8  9 |
---------------+----------------------------+-----
Dodging        | 2 3 4 5 6 |  6.4
Unarmed Combat | 4 5 6 7 9 10 | 10.1
Shapeshifting  | 4 5 |  5.8
Fighting       | |  1.1

Action                     |  1- 3 |  4- 6 |  7- 9 || total
---------------------------+-------+-------+-------++-------
  Melee: Unarmed           |   125 |   130 |   261 ||   516
         Tailslap          |    15 |    16 |    31 ||    62
         Punch             |     2 |     7 |    10 ||    19
  Throw: Boomerang         |       |    19 |     9 ||    28
         Dart              |       |       |    13 ||    13
         Throwing net      |       |       |     1 ||     1
Ability: Begin Untransform |       |       |     1 ||     1
    Use: Potion            |       |     2 |     2 ||     4
   Stab: Sleeping          |     1 |       |     1 ||     2
 Armour: Skin              |    66 |    83 |   140 ||   289
  Dodge: Dodged            |    95 |    60 |   145 ||   300
   Form: Beast             |       |       |     2 ||     2
